 Dungeon Crawl Stone Soup version 0.21.0-25-ge575cb9 (webtiles) character file.

94 troglodite the Charmwright (level 4, 0/38 HPs)
             Began as a Gnoll Skald on Jan 23, 2018.
             Slain by an adder (3 damage)
             ... on level 2 of the Dungeon.
             The game lasted 00:03:18 (991 turns).

troglodite the Charmwright (Gnoll Skald)             Turns: 991, Time: 00:03:19

Health: 0/38       AC:  3    Str: 15    XL:     4   Next: 63%
Magic:  17/20      EV: 14    Int: 15    God:
Gold:   82         SH:  0    Dex: 14    Spells: 6/13 levels left

rFire    . . .     SeeInvis .   a - +0 falchion
rCold    . . .     Gourm    .   (no shield)
rNeg     . . .     Faith    .   b - +0 leather armour
rPois    .         Spirit   .   (no helmet)
rElec    .         Reflect  .   (no cloak)
rCorr    .         Harm     .   (no gloves)
MR       .....                  (no boots)
Stlth    ++........             (no amulet)
HPRegen  1.12/turn              h - ring of magical power
MPRegen  0.17/turn              (no ring)

@: lethally poisoned (0 -> 0), regenerating
A: distributed training, fangs 1, strong nose
a: no special abilities


You were on level 2 of the Dungeon.
You were not hungry.

You visited 1 branch of the dungeon, and saw 2 of its levels.

You collected 82 gold pieces.

Inventory:

Hand Weapons
 a - a +0 falchion (weapon)
Armour
 b - a +0 leather armour (worn)
Jewellery
 h - a ring of magical power (left hand)
Scrolls
 g - a scroll of blinking {unknown}
 i - a scroll of teleportation {unknown}
 j - a scroll of magic mapping {unknown}
 k - a scroll of identify {unknown}
Potions
 e - 3 potions of curing {unknown}
 f - 2 potions of heal wounds {unknown}
Books
 c - a book of Battle

   Spells                             Type                      Level
   a - Infusion                       Charms                       1
   b - Shroud of Golubria             Charms/Translocation         2
   c - Song of Slaying                Charms                       2
   d - Spectral Weapon                Hexes/Charms                 3
   e - Regeneration                   Charms/Necromancy            3
Comestibles
 d - 2 rations
 l - 4 chunks of flesh


   Skills:
 + Level 4.6 Fighting
 + Level 1.2 Short Blades
 + Level 4.6 Long Blades
 + Level 1.2 Axes
 + Level 1.2 Maces & Flails
 + Level 1.2 Polearms
 + Level 1.2 Staves
 + Level 1.2 Slings
 + Level 1.2 Bows
 + Level 1.2 Crossbows
 + Level 1.2 Throwing
 + Level 2.8 Armour
 + Level 4.6 Dodging
 + Level 1.2 Stealth
 + Level 1.2 Shields
 + Level 1.2 Unarmed Combat
 + Level 5.1 Spellcasting
 + Level 1.0 Conjurations
 + Level 1.0 Hexes
 + Level 5.5 Charms
 + Level 1.0 Summonings
 + Level 1.0 Necromancy
 + Level 1.0 Translocations
 + Level 1.0 Transmutations
 + Level 1.0 Fire Magic
 + Level 1.0 Ice Magic
 + Level 1.0 Air Magic
 + Level 1.0 Earth Magic
 + Level 1.0 Poison Magic
 + Level 1.3 Invocations
 + Level 1.2 Evocations


You had 6 spell levels left.
You knew the following spells:

 Your Spells              Type           Power        Failure   Level  Hunger
a - Infusion              Chrm           ###.         1%          1    None
b - Spectral Weapon       Hex/Chrm       ##......     16%         3    ###....
c - Regeneration          Chrm/Necr      ##........   16%         3    ###....


Dungeon Overview and Level Annotations

Branches:
Dungeon (2/15)

Altars:


Innate Abilities, Weirdness & Mutations

Your experience applies equally to all skills.
You have very sharp teeth.
Your uncanny sense of smell can sniff out nearby items.


Message History

The adder is heavily wounded.
Your spectral weapon fades away.
The adder bites you.
You are poisoned.
The adder poisons you!
You hit the adder but do no damage.
The adder is heavily wounded.
You feel sick. The adder misses you.
You riposte.
You miss the adder.
The adder is heavily wounded.
You miss the adder.
The adder is heavily wounded.
The adder bites you.
* * * LOW HITPOINT WARNING * * *
The adder bites you.
* * * LOW HITPOINT WARNING * * *
Unknown command.
Casting: Spectral Weapon
Confirm with . or Enter, or press ? or * to list all spells.
Your skin crawls.
You feel sick. The adder bites you.
You die...

#. ........## ..
......... . #. #......
..##.##.....#
......?...#.#
..##.....##.##
##..............#..#
.................#
#.....>......@...#
#............S...# #
#.............)..# .#
#................# ..
#................#.##.
#....................
##..............#.##.
###..##..##......#
#...# #..)..#.......


You could see an adder.

Vanquished Creatures
  Natasha (twice) (D:2)
  A gnoll (D:1)
  2 dart slugs (D:1)
  2 giant cockroaches (D:2)
  3 goblins
  10 hobgoblins
  3 kobolds
  4 bats
  A frilled lizard (D:1)
  2 rats (D:1)
30 creatures vanquished.

Notes
Turn   | Place    | Note
-------+----------+-------------------------------------------
     0 | D:1      | troglodite the Gnoll Skald began the quest for the Orb.
     0 | D:1      | Reached XP level 1. HP: 20/20 MP: 6/6
   130 | D:1      | Reached XP level 2. HP: 25/26 MP: 7/7
   392 | D:1      | Reached XP level 3. HP: 28/31 MP: 9/9
   400 | D:1      | Learned a level 3 spell: Spectral Weapon
   404 | D:1      | Learned a level 3 spell: Regeneration
   648 | D:1      | Reached skill level 5 in Spellcasting
   859 | D:2      | Reached skill level 1 in Invocations
   898 | D:2      | Noticed Natasha
   909 | D:2      | Killed Natasha
   909 | D:2      | Reached skill level 1 in Short Blades
   909 | D:2      | Reached skill level 1 in Axes
   909 | D:2      | Reached skill level 1 in Maces & Flails
   909 | D:2      | Reached skill level 1 in Polearms
   909 | D:2      | Reached skill level 1 in Staves
   909 | D:2      | Reached skill level 1 in Slings
   909 | D:2      | Reached skill level 1 in Bows
   909 | D:2      | Reached skill level 1 in Crossbows
   909 | D:2      | Reached skill level 1 in Throwing
   909 | D:2      | Reached skill level 1 in Stealth
   909 | D:2      | Reached skill level 1 in Shields
   909 | D:2      | Reached skill level 1 in Unarmed Combat
   909 | D:2      | Reached skill level 1 in Evocations
   909 | D:2      | Reached XP level 4. HP: 18/38 MP: 11/11
   971 | D:2      | Noticed Natasha
   980 | D:2      | Killed Natasha
   980 | D:2      | Reached skill level 1 in Conjurations
   980 | D:2      | Reached skill level 1 in Hexes
   980 | D:2      | Reached skill level 1 in Summonings
   980 | D:2      | Reached skill level 1 in Necromancy
   980 | D:2      | Reached skill level 1 in Translocations
   980 | D:2      | Reached skill level 1 in Transmutations
   980 | D:2      | Reached skill level 1 in Fire Magic
   980 | D:2      | Reached skill level 1 in Ice Magic
   980 | D:2      | Reached skill level 1 in Air Magic
   980 | D:2      | Reached skill level 1 in Earth Magic
   980 | D:2      | Reached skill level 1 in Poison Magic
   991 | D:2      | Slain by an adder

Skill      XL: |  1  2  3  4 |
---------------+-------------+-----
Spellcasting   | 5 |  5.1
Invocations    | 1 |  1.3
Short Blades   | 1 |  1.2
Axes           | 1 |  1.2
Maces & Flails | 1 |  1.2
Polearms       | 1 |  1.2
Staves         | 1 |  1.2
Slings         | 1 |  1.2
Bows           | 1 |  1.2
Crossbows      | 1 |  1.2
Throwing       | 1 |  1.2
Stealth        | 1 |  1.2
Shields        | 1 |  1.2
Unarmed Combat | 1 |  1.2
Evocations     | 1 |  1.2
Conjurations   | 1 |  1.0
Hexes          | 1 |  1.0
Summonings     | 1 |  1.0
Necromancy     | 1 |  1.0
Translocations | 1 |  1.0
Transmutations | 1 |  1.0
Fire Magic     | 1 |  1.0
Ice Magic      | 1 |  1.0
Air Magic      | 1 |  1.0
Earth Magic    | 1 |  1.0
Poison Magic   | 1 |  1.0
Fighting       | |  4.6
Long Blades    | |  4.6
Armour         | |  2.8
Dodging        | |  4.6
Charms         | |  5.5

Action                   |  1- 3 |  4- 6 || total
-------------------------+-------+-------++-------
Melee: Falchion          |    91 |    12 ||   103
       Bite              |    16 |     2 ||    18
       Punch             |     2 |       ||     2
 Cast: Spectral Weapon   |     2 |     1 ||     3
       Regeneration      |       |     1 ||     1
  Eat: Chunk             |       |     1 ||     1
Armor: Leather armour    |    18 |     2 ||    20
Dodge: Dodged            |    78 |    13 ||    91
       Rpst.: Falchion   |    25 |     5 ||    30
